AoeStats
← jessewald9

Arabia

509772760Analyzed
1v1 RM · 4d ago on Sep 28, 2026· 18m 51s· 2 players
Game mode
Random Map
Map size
Tiny (2 player)
Population
200
Speed
Normal
Resources
Standard
Victory
Conquest
Starting age
Dark Age
Ending age
Imperial Age
RankedLock teamsTeams togetherTeam positionsShared explorationLock speedFull tech treeHidden civsTurbo modeCheats
Victory
Defeat
🇨🇦 Danes · Canada
945
+15
🇫🇷 Inca · France
913
-15
enzomunarifiete
9:30 Feudal Age
10:38 Loom
13:58 Castle Age
14:24 Double-Bit Axe
jessewald9
7:00 Loom
9:33 Feudal Age
10:38 Double-Bit Axe
11:08 Man-at-Arms
15:25 Wheelbarrow
19:25 Castle Age
18:34 Horse Collar
18:49 Gold Mining
Connection lost

Rejoining the realm…

Still unreachable

The connection could not be restored.

Session expired

The server has moved on; the page needs a fresh start.